[Event "ICC tourney 2212 (3 2)"]
[Site "Internet Chess Club"]
[Date "2020.12.18"]
[Round "11"]
[White "Goran21"]
[Black "Openyagami"]
[Result "0-1"]
[ICCResult "White resigns"]
[WhiteElo "2008"]
[BlackElo "2604"]
[Opening "Sicilian: Labourdonnais-Löwenthal (Kalashnikov) variation"]
[ECO "B32"]
[NIC "SI.32"]
[Time "22:30:25"]
[TimeControl "180+2"]

1. e4 c5 2. Nf3 Nc6 3. d4 cxd4 4. Nxd4 e5 5. Nb5 d6 6. N1c3 a6 7. Na3 b5 8.
Nd5 Nge7 9. c3 Nxd5 10. exd5 Ne7 11. c4 g6 12. cxb5 Bg7 13. bxa6 O-O 14. Be2
Qa5+ 15. Bd2 Qxd5 16. O-O Bxa6 17. Re1 Nf5 18. Bf3 Qe6 19. Bxa8 Rxa8 20. Bc3
Bb7 21. Nb5 Qd7 22. a4 Re8 23. h3 d5 24. Bd2 d4 25. f3 d3 26. Rc1 Bc6 27.
Qb3 Rd8 28. Rcd1 Nh4 29. Bg5 Nxf3+ 30. gxf3 Bxf3 31. Rxd3 Qxd3 32. Qxd3 Rxd3
33. Be7 e4 34. b4 h5 35. a5 e3 36. Bc5 e2 37. Kf2 Bf6 38. Bd6 Bh4+ 39. Bg3
Bxg3+ 40. Kxg3 Bc6+ 41. Kf2 Bxb5 42. Rxe2 Rd4 43. Rb2 Kg7 44. Ke3 Rh4 45.
Ra2 Rxb4 46. a6 Bxa6 47. Rxa6 Rb3+ 48. Kf4 Rxh3 49. Ra8 Rc3 50. Rc8 Rxc8 51.
Kg5 Rc5+ 52. Kf4 Rc4+ {White resigns} 0-1

[Event "ICC tourney 2212 (3 2)"]
[Site "Internet Chess Club"]
[Date "2020.12.18"]
[Round "11"]
[White "TjkTiger"]
[Black "jy2020"]
[Result "0-1"]
[ICCResult "White resigns"]
[WhiteElo "2602"]
[BlackElo "2227"]
[Opening "English: Mikenas-Carls, Flohr variation"]
[ECO "A18"]
[NIC "EO.57"]
[Time "22:30:30"]
[TimeControl "180+2"]

1. c4 Nf6 2. Nc3 e6 3. e4 d5 4. e5 d4 5. exf6 dxc3 6. bxc3 Qxf6 7. Nf3 b6 8.
d4 h6 9. Bd3 Bb7 10. O-O Nd7 11. Re1 Be7 12. Nd2 O-O 13. Ne4 Bxe4 14. Bxe4
Rad8 15. Rb1 Bd6 16. Rb5 e5 17. Bc2 Rfe8 18. Be3 Nf8 19. Ba4 c6 20. Rb1 Bc7
21. Qg4 a6 22. Bc2 b5 23. cxb5 axb5 24. h3 exd4 25. Bxd4 Be5 26. Rxe5 Rxe5
27. f4 Rxd4 28. fxe5 Rxg4 29. exf6 Rc4 30. fxg7 Kxg7 31. Rb3 Ne6 32. Bd3 Rc5
33. Kf2 Nf4 34. Bf1 Nd5 35. c4 bxc4 36. Rg3+ Kf8 37. Ke1 c3 38. Kd1 Nb4 39.
Bd3 c2+ 40. Bxc2 Nxc2 41. Rb3 Nd4 42. Rb4 Ne6 43. a4 Ra5 44. Rc4 c5 45. Kc2
Ke7 46. Rh4 Nd4+ 47. Kc3 Rxa4 48. Rxh6 Ra2 49. g4 Rh2 50. g5 Ne6 51. h4 Nxg5
52. hxg5 Rxh6 53. gxh6 Kf6 54. Kc4 Kg6 55. Kxc5 Kxh6 56. Kd4 Kg5 57. Ke3 Kg4
58. Kf2 Kf4 59. Ke2 Kg3 60. Kf1 f5 61. Kg1 Kf3 62. Kf1 f4 {White resigns}
0-1

[Event "ICC tourney 2212 (3 2)"]
[Site "Internet Chess Club"]
[Date "2020.12.18"]
[Round "11"]
[White "bopala"]
[Black "yogokings12"]
[Result "1/2-1/2"]
[ICCResult "Game drawn because neither player has mating material"]
[WhiteElo "1939"]
[BlackElo "1575"]
[Opening "Grünfeld: modern exchange variation"]
[ECO "D85"]
[NIC "GI.04"]
[Time "22:30:27"]
[TimeControl "180+2"]

1. d4 Nf6 2. c4 g6 3. Nc3 d5 4. cxd5 Nxd5 5. e4 Nxc3 6. bxc3 Bg7 7. Nf3 c5
8. Rb1 Nc6 9. d5 Na5 10. Be2 O-O 11. O-O e6 12. c4 exd5 13. cxd5 a6 14. Be3
b6 15. Qd2 Bg4 16. Rxb6 Qxb6 17. h3 Bxf3 18. Bxf3 Bd4 19. Bxd4 cxd4 20. Rd1
Rfd8 21. e5 Nc4 22. Qf4 Nb2 23. Rxd4 Rac8 24. d6 Qc5 25. Kh2 Nc4 26. Bd5
Nxe5 27. Qxe5 Rf8 28. d7 Qc7 29. Qxc7 Rxc7 30. Bxf7+ Kxf7 31. d8=Q Rxd8 32.
Rxd8 Rc2 33. Rd7+ Kf6 34. Rd6+ Kg7 35. Rxa6 Rxf2 36. Kg3 Rb2 37. Ra7+ Kf6
38. a4 h5 39. a5 Ra2 40. a6 Ra1 41. Ra8 Kg7 42. Kf4 Ra2 43. g3 Ra5 44. Ke4
Ra3 45. Kd5 Rxg3 46. Kc6 Rxh3 47. Kb7 Rb3+ 48. Ka7 Ra3 49. Rb8 Kf6 50. Rb6+
Kf5 51. Kb7 h4 52. a7 Kf4 53. Rxg6 h3 54. a8=Q Rxa8 55. Kxa8 Kf3 56. Kb7 h2
57. Rh6 Kg2 58. Rg6+ Kf2 59. Rh6 Kg2 60. Rg6+ Kf2 61. Rh6 Kg2 62. Kc6 h1=Q
63. Rxh1 Kxh1 {Game drawn because neither player has mating material}
1/2-1/2

[Event "ICC tourney 2212 (3 2)"]
[Site "Internet Chess Club"]
[Date "2020.12.18"]
[Round "11"]
[White "Kinawa"]
[Black "MrNormalName"]
[Result "0-1"]
[ICCResult "White forfeits on time"]
[WhiteElo "1535"]
[BlackElo "2181"]
[Opening "Scotch gambit"]
[ECO "C44"]
[NIC "SO.06"]
[Time "22:31:12"]
[TimeControl "180+2"]

1. e4 e5 2. Nf3 Nc6 3. d4 exd4 4. Bc4 Bc5 5. Ng5 Nh6 6. Nxf7 Nxf7 7. Bxf7+
Kxf7 8. Qh5+ g6 9. Qxc5 Qe7 10. Qd5+ Qe6 11. Qxe6+ dxe6 12. O-O e5 13. Bg5
Be6 14. Nd2 Nb4 15. Nf3 Nc6 16. a3 h6 17. Bh4 g5 18. Bg3 Kf6 19. h4 Bg4 20.
Nd2 Rad8 21. f3 Be6 22. hxg5+ hxg5 23. Kf2 Rh7 24. Rh1 Rdh8 25. Rxh7 Rxh7
26. Rc1 Na5 27. b4 Nc4 28. Nxc4 Bxc4 29. c3 d3 30. Rd1 Rd7 31. Ke3 g4 32.
Rd2 gxf3 33. gxf3 Rg7 34. Bh2 Ke6 35. Rf2 Rh7 36. Rd2 Rh8 37. Rf2 a5 38. Rd2
Ra8 39. Rf2 axb4 40. axb4 Ra3 41. Rb2 Rxc3 42. Kd2 Ra3 43. Bg3 Ra1 44. Be1
Ra8 45. Bf2 Rh8 46. Kc3 b5 47. Rd2 Rh1 48. Rb2 Rh3 49. Kd2 Rxf3
{White forfeits on time}
0-1

[Event "ICC tourney 2212 (3 2)"]
[Site "Internet Chess Club"]
[Date "2020.12.18"]
[Round "11"]
[White "xcelswimmer"]
[Black "SupaHotFiya"]
[Result "0-1"]
[ICCResult "White checkmated"]
[WhiteElo "1920"]
[BlackElo "1982"]
[Opening "Old Indian defense"]
[ECO "A42"]
[NIC "OI.07"]
[Time "22:30:23"]
[TimeControl "180+2"]

1. d4 d6 2. c4 e5 3. e3 Nc6 4. Nc3 g6 5. Nf3 Bg7 6. Be2 Bg4 7. d5 Nce7 8. h3
Bd7 9. e4 f5 10. exf5 gxf5 11. Bg5 Nf6 12. Qd2 O-O 13. O-O-O Ng6 14. g4 f4
15. Ne4 Qe8 16. Bxf6 Bxf6 17. g5 Bg7 18. h4 Bf5 19. Bd3 Qa4 20. b3 Qa3+ 21.
Kb1 Ne7 22. h5 a5 23. Rdg1 a4 24. b4 b5 25. Nf6+ Kh8 26. Bxf5 Nxf5 27. Nh4
Nxh4 28. Rxh4 bxc4 29. Rgh1 Rab8 30. R4h3 Qxb4+ 31. Qxb4 Rxb4+ 32. Kc2 Bxf6
33. gxf6 Rxf6 34. Rg1 e4 35. Kc3 Rb5 36. Kxc4 Rb2 37. Kd4 Rxf2 38. Kxe4 Rxa2
39. Rc3 Re2+ 40. Kf3 Re3+ 41. Rxe3 fxe3+ 42. Kxe3 Rf5 43. h6 Rxd5 44. Rb1
Kg8 45. Rb7 Rc5 46. Ra7 Rc4 47. Kd3 d5 48. Ra5 c6 49. Ra8+ Kf7 50. Rh8 Kg6
51. Ra8 Kxh6 52. Rd8 Kg6 53. Rd6+ Kg5 54. Rd7 h5 55. Ke3 h4 56. Kf3 Rc3+ 57.
Kg2 a3 58. Ra7 h3+ 59. Kh2 Kg4 60. Ra4+ Rc4 61. Rxa3 Rc2+ 62. Kg1 c5 63.
Ra4+ c4 64. Rb4 d4 65. Rb8 d3 66. Rg8+ Kf4 67. Rf8+ Ke4 68. Re8+ Kd4 69.
Rd8+ Kc3 70. Kf1 d2 71. Ke2 h2 72. Rh8 Rc1 73. Rh3+ Kb4 74. Kxd2 h1=Q 75.
Re3 Qd1# {White checkmated} 0-1

[Event "ICC tourney 2212 (3 2)"]
[Site "Internet Chess Club"]
[Date "2020.12.18"]
[Round "11"]
[White "miyzhang"]
[Black "Jeffchess"]
[Result "1/2-1/2"]
[ICCResult "White stalemated"]
[WhiteElo "1227"]
[BlackElo "1254"]
[Opening "French defense"]
[ECO "C01"]
[NIC "FR.01"]
[Time "22:30:30"]
[TimeControl "180+2"]

1. e4 e6 2. d4 c5 3. c3 d5 4. exd5 exd5 5. Nd2 c4 6. Ngf3 b5 7. Be2 a5 8.
Ne5 Bd6 9. Bh5 Bxe5 10. dxe5 Be6 11. Bf3 Ne7 12. Qe2 a4 13. Bg4 Qd7 14. Bxe6
Qxe6 15. Nf3 Nbc6 16. Bg5 h6 17. Bf4 g5 18. Bg3 O-O-O 19. b3 d4 20. bxc4 d3
21. Qd2 Qxc4 22. Nd4 Nxd4 23. cxd4 Qxd4 24. Rc1+ Kb7 25. e6 Qe4+ 26. Kf1 Nd5
27. exf7 Nf4 28. Bxf4 gxf4 29. Re1 Qf5 30. Re7+ Kc6 31. Qc3+ Qc5 32. Re6+
Rd6 33. Qxc5+ Kxc5 34. Re8 d2 35. Ke2 Rd8 36. f8=Q+ Rxf8 37. Rxf8 Rxf8 38.
Kxd2 Rd8+ 39. Kc3 b4+ 40. Kc2 Re8 41. Kd3 Rd8+ 42. Kc2 Kb5 43. Re1 Rc8+ 44.
Kb2 a3+ 45. Kb1 Rc4 46. Re5+ Rc5 47. Rxc5+ Kxc5 48. Kc2 Kd4 49. Kd2 h5 50.
h3 h4 51. f3 b3 52. Kc1 b2+ 53. Kc2 Ke3 54. g3 fxg3 55. f4 Kxf4 56. Kb1 Kf3
57. Kc2 Kg2 58. Kb1 Kxh3 59. Kc2 Kh2 60. Kb1 g2 61. Kc2 g1=N 62. Kb1 Kg2 63.
Kc2 h3 64. Kb1 h2 65. Kc2 h1=N 66. Kb1 Ne2 67. Kc2 Nf2 68. Kb1 Nf4 69. Kc2
N4d3 70. Kb1 Nc5 71. Kc2 Nfe4 72. Kb1 Na4 73. Kc2 Nac3 74. Kd3 b1=N 75. Kc2
Nbd2 76. Kc1 Nxa2+ 77. Kd1 Nac3+ 78. Kc2 a2 79. Kb2 Kf3 80. Ka1 Ke2 81. Kb2
Kd3 82. Ka1 Kc4 83. Kb2 Kb4 84. Ka1 Ndb1 85. Kb2 Ned2 86. Ka1 Nde4 87. Kb2
Nc5 88. Ka1 Nb3+ 89. Kb2 Ka4 90. Kc2 a1=N+ 91. Kd3 Kb4 92. Ke3 Kc4 93. Kf4
Nc5 94. Ke3 Nc2+ 95. Kf2 Kd3 96. Kf3 Nd4+ 97. Kf4 Nd5+ 98. Ke5 Nbc3 99. Kd6
N3e4+ 100. Kxd5 Ne2 101. Ke5 Ke3 102. Kd5 Kf4 103. Kc4 Ke5 104. Kb4 Kd5 105.
Kb5 Nd4+ 106. Kb4 Kc6 107. Kc4 Nde6 108. Kb4 Kb6 109. Kc4 Ka5 110. Kd5 Kb4
111. Kc6 Kc4 112. Kb6 Nd6 113. Ka5 Ndb7+ 114. Kb6 Kd5 115. Ka7 Kc6 116. Kb8
Nf8 117. Kc8 Nd6+ 118. Kb8 Nfd7+ 119. Ka7 Ncb7 120. Ka6 Ndc5+ 121. Ka7 Nc8+
122. Ka8 Nb6+ 123. Kb8 Ncd7+ 124. Ka7 Nd6 125. Ka6 Nc5+ 126. Ka7 Ncb7 127.
Kb8 Kd7 128. Ka7 Kc7 129. Ka6 Kc6 130. Ka7 Nbc4 131. Ka6 Nca5 132. Ka7 Nc8+
133. Ka6 Nb6 134. Ka7 Nc5 135. Kb8 Nab7 136. Ka7 Nc8+ 137. Kb8 Kd7 138. Ka8
Nbd6 139. Kb8 Kc6 140. Ka8 Kc7 {White stalemated} 1/2-1/2